 Dungeon Crawl Stone Soup version 0.29.1-12-g30fa7ad0bf (webtiles) character file.

Game seed: 991144382962329101

149366 Peloso the Fencer (level 16, -3/157 HPs)
             Began as a Minotaur Fighter on Dec 24, 2022.
             Was a High Priest of Okawaru.
             Slain by an entropy weaver (10 damage)
             ... on level 2 of the Spider Nest on Dec 25, 2022.
             The game lasted 01:33:54 (51287 turns).

Peloso the Fencer (Minotaur Fighter)               Turns: 51287, Time: 01:33:54

Health: -3/157     AC: 14    Str: 32    XL:     16   Next: 96%
Magic:  0/18       EV: 13    Int: 14    God:    Okawaru [*****.]
Gold:   2919       SH: 14    Dex: 12    Spells: 15/15 levels left

rFire   + . .      SeeInvis .   a - +5 double sword (venom)
rCold   + + +      Faith    .   d - +1 buckler {reflect}
rNeg    . . .      Spirit   .   O - +1 plate armour "Vypocvid" {rC+++}
rPois   +          Reflect  +   e - +1 hat
rElec   +          Harm     .   T - +5 cloak "Tyrir" {Rampage rCorr Str+3 Int-3}
rCorr   +          Rampage  +   X - +0 pair of gloves {infuse}
Will    +....                   g - +0 pair of boots
Stlth   ..........              W - amulet "Sycedow" {Acrobat rElec rCorr Str-2 Int+8}
HPRegen 0.36/turn               U - +6 ring of strength
MPRegen 0.16/turn               t - ring of protection from fire

@: heroic, corroded
A: horns 2, retaliatory headbutt, large bone plates 1, clever 1, mutation
resistance 1, poison resistance
a: Renounce Religion, Heroism, Finesse, Duel


You were on level 2 of the Spider Nest.
You worshipped Okawaru.
Okawaru was extremely pleased with you.
You visited 5 branches of the dungeon, and saw 26 of its levels.
You also visited: Ossuary and Ice Cave.

You collected 3388 gold pieces.
You spent 469 gold pieces at shops.

Inventory:

Hand Weapons
 a - a +5 double sword of venom (weapon)
 b - a +4 scimitar of flaming
Armour
 d - a +1 buckler of reflection (worn)
 e - a +1 hat (worn)
 g - a +0 pair of boots (worn)
 O - the +1 plate armour "Vypocvid" (worn) {rC+++}
   (Okawaru gifted it to you on level 1 of the Lair of Beasts)

   rC:        It renders you almost immune to cold.
 T - the +5 cloak "Tyrir" (worn) {Rampage rCorr Str+3 Int-3}
   (Okawaru gifted it to you on level 13 of the Dungeon)

   Str:       It affects your strength (+3).
   Int:       It affects your intelligence (-3).
   rCorr:     It protects you from acid and corrosion.
   Rampage:   It bestows one free step when moving towards enemies.
 X - a +0 pair of gloves of infusion (worn)
Jewellery
 c - a ring of protection from cold
 h - a ring of willpower
 t - a ring of protection from fire (right hand)
 U - a +6 ring of strength (left hand)
 W - the amulet "Sycedow" (around neck) {Acrobat rElec rCorr Str-2 Int+8}
   (You found it on level 12 of the Dungeon)

   [amulet of the acrobat]

   It increases your evasion while moving and waiting.
   Str:       It affects your strength (-2).
   Int:       It affects your intelligence (+8).
   rElec:     It insulates you from electricity.
   rCorr:     It protects you from acid and corrosion.
 Y - a ring of see invisible
Scrolls
 f - a scroll of brand weapon
 i - a scroll of enchant armour
 j - 7 scrolls of teleportation
 m - a scroll of enchant weapon
 u - 2 scrolls of poison
 y - 6 scrolls of immolation
 I - 2 scrolls of noise
 Q - 3 scrolls of magic mapping
Potions
 k - 5 potions of haste
 l - 2 potions of brilliance
 n - 8 potions of curing
 o - 3 potions of might
 s - 2 potions of berserk rage
 z - 4 potions of flight
 J - 6 potions of invisibility


   Skills:
 + Level 17.9(22.9) Fighting
 + Level 19.5(24.5) Long Blades
 + Level 2.5(7.5) Axes
 + Level 18.9(23.9) Armour
 + Level 5.1(10.1) Dodging
 + Level 3.1(8.1) Stealth
 + Level 16.0(21.0) Shields
 + Level 5.2 Invocations
 + Level 1.7 Evocations


You had 15 spell levels left.
You didn't know any spells.
Your spell library contained the following spells:

 Spells                   Type           Power      Damage    Failure   Level
 Apportation              Tloc           0%         N/A       67%         1
 Necrotise                Necr           0%         1d4       67%         1
 Ensorcelled Hibernation  Hex/Ice        0%         N/A       80%         2
 Passwall                 Tmut/Erth      0%         N/A       80%         2
 Static Discharge         Conj/Air       0%         3-3/arc   80%         2
 Conjure Flame            Conj/Fire      0%         6-21      95%         3
 Dazzling Flash           Conj/Hex       0%         N/A       95%         3
 Frozen Ramparts          Ice            0%         1d1       95%         3
 Ignite Poison            Fire/Tmut/Pois 0%         N/A       95%         3
 Ozocubu's Armour         Ice            0%         N/A       95%         3
 Portal Projectile        Hex/Tloc       0%         N/A       95%         3
 Stone Arrow              Conj/Erth      0%         3d7       95%         3
 Swiftness                Air            0%         N/A       95%         3
 Corpse Rot               Necr/Pois/Air  0%         N/A       100%        4
 Dispel Undead            Necr           0%         3d6       100%        4
 Ice Form                 Ice/Tmut       0%         N/A       100%        4
 Iskenderun's Mystic Bla  Conj/Tloc      0%         2d3       100%        4
 Leda's Liquefaction      Hex/Erth       0%         N/A       100%        4
 Petrify                  Tmut/Erth      0%         N/A       100%        4
 Sticky Flame             Conj/Fire      0%         2d3       100%        4
 Alistair's Intoxication  Tmut/Pois      0%         N/A       100%        5
 Borgnjor's Vile Clutch   Necr/Erth      0%         N/A       100%        5
 Fireball                 Conj/Fire      0%         3d3       100%        5
 Lightning Bolt           Conj/Air       0%         1d11      100%        5
 Metabolic Englaciation   Hex/Ice        0%         N/A       100%        5
 Eringya's Noxious Bog    Tmut/Pois      0%         N/A       100%        6
 Starburst                Conj/Fire      0%         6d3       100%        6
 Statue Form              Tmut/Erth      0%         N/A       100%        6
 Ozocubu's Refrigeration  Ice            0%         4d7       100%        7
 Lehudib's Crystal Spear  Conj/Erth      0%         10d2      100%        8
 Maxwell's Capacitive Co  Air            0%         ∞         100%        8
 Summon Small Mammal      Summ           Unusable   N/A       N/A         1
 Call Canine Familiar     Summ           Unusable   N/A       N/A         3
 Animate Armour           Summ/Erth      Unusable   N/A       N/A         4
 Summon Ice Beast         Ice/Summ       Unusable   N/A       N/A         4
 Summon Forest            Summ/Tloc      Unusable   N/A       N/A         5
 Death Channel            Necr           Unusable   N/A       N/A         6

Dungeon Overview and Level Annotations

Branches:
Dungeon (15/15)            Temple (1/1) D:7            Lair (5/5) D:11
  Swamp (0/4) Lair:2       Spider (3/4) Lair:3        Slime (0/5) Lair:5
    Orc (2/2) D:12            Elf (0/3) Orc:2        Vaults (0/5) D:14
 Depths (0/4) D:15        Ossuary (visited)           IceCv (visited)

Altars:
Ashenzari
Cheibriados
Dithmenos
Elyvilon
Fedhas
Gozag
Hepliaklqana
Kikubaaqudgha
Makhleb
Nemelex Xobeh
Okawaru
Qazlal
Ru
Sif Muna
Trog
Uskayaw
Vehumet
Wu Jian
Xom
Yredelemnul
Zin
The Shining One

Shops:
D:4 =   D:6 [   D:12 !   Orc:2 :(*[

Annotations:
Lair:3 Casa


Innate Abilities, Weirdness & Mutations

You have a pair of horns on your head.
You reflexively headbutt those who attack you in melee.
You are partially covered in large bone plates. (SH +4)
Your mind is acute. (Int +4, Str/Dex -1)
You are somewhat resistant to further mutation.
Your system is resistant to poisons. (rPois)


Message History

You slice the radroach!!
You kill the radroach!
Okawaru accepts your kill.
Your base Shields skill increases to level 16!
Unknown command.
You completely miss the entropy weaver.
Your headbutt misses the entropy weaver.
The entropy weaver hits you but does no damage.
The entropy weaver hits you.
* * * LOW HITPOINT WARNING * * *
The entropy weaver completely misses you.
You block the entropy weaver's attack.
You hit the entropy weaver but do no damage.
The entropy weaver is poisoned.
Your headbutt misses the entropy weaver.
You block the entropy weaver's attack. x2; The entropy weaver hits you.
* * * LOW HITPOINT WARNING * * *
The entropy weaver hits you!
* * * LOW HITPOINT WARNING * * *
You hit the entropy weaver but do no damage.
The entropy weaver looks as sick as possible!
Your headbutt misses the entropy weaver.
You block the entropy weaver's attack.
The entropy weaver hits you but does no damage.
The entropy weaver hits you.
* * * LOW HITPOINT WARNING * * *
You block the entropy weaver's attack.
You feel better. The entropy weaver hits you!
* * * LOW HITPOINT WARNING * * *
The entropy weaver hits you.
* * * LOW HITPOINT WARNING * * *
You block the entropy weaver's attack.
The entropy weaver hits you but does no damage.
Okay, then.
You feel better. The entropy weaver hits you.
* * * LOW HITPOINT WARNING * * *
The entropy weaver hits you.
* * * LOW HITPOINT WARNING * * *
You block the entropy weaver's attack. The entropy weaver hits you!
You die...

.......###..#..#..#.#...###
...^.#...######.###.#..##
........## #.# #..#######
.......(# #.###.## ##..###
.......†#### ##.##.# ##.....#
.....>..#..### #.##.###......#
#....#.......###.##.##......##
#.#.###.......##............#
##.####.......^#@####.......#
...###.........B## ##.#..###
....#...........# #^####
....##..........# #.##
...###..........## ##.#
..#.###..........# #^#
###.####.^.......# ###
###...###.......##
##.....##.#....##


You could see an entropy weaver (extremely poisoned).

Vanquished Creatures
  Aizul (Spider:1)
  An emperor scorpion (Spider:2)
  2 orc warlords
  A cacodemon (D:12)
  An ironbound preserver (D:14)
  Nessos (D:12)
  A white draconian (IceCv)
  3 entropy weavers
  A spark wasp (Spider:2)
  Josephine (D:11)
  A fire dragon (Lair:5)
  The ghost of Sheol the Fighter, a journeyman HOFi of Yredelemnul (D:12)
  4 boulder beetles
  2 catoblepae (D:14)
  3 radroaches
  A death knight (D:13)
  20 hydras
  10 centaur warriors
  7 two-headed ogres
  4 tengu warriors (D:13)
  An orc high priest (Orc:2)
  Urug (Orc:2)
  A fire crab (Lair:5)
  Nergalle (D:11)
  A skeletal warrior (D:13)
  A shadow wraith (D:14)
  3 pharaoh ants (Spider:2)
  2 glowing orange brains (D:12)
  2 orb spiders (Spider:2)
  2 bog bodies (Lair:2)
  4 steelbarb worms
  Pikel (D:3)
  2 lindwurms (Lair:5)
  4 orc knights
  A deep elf zephyrmancer (D:15)
  A harpy (shapeshifter) (D:15)
  3 deep elf pyromancers (D:15)
  5 orc sorcerers (Orc:2)
  7 wolf spiders
  A necromancer (D:15)
  24 ugly things
  6 manticores
  A salamander (shapeshifter) (D:14)
  8 cyclopes
  12 elephants
  2 moths of wrath
  Maurice (D:9)
  2 ice statues (IceCv)
  5 black mambas
  A naga mage (D:15)
  4 centaur skeletons (D:15)
  11 torpor snails
  A gargoyle (D:13)
  13 cane toads
  A cane toad (shapeshifter) (D:9)
  2 demonic crawlers (Spider:2)
  2 kobold demonologists
  4 freezing wraiths
  Psyche (D:11)
  9 komodo dragons
  An unseen horror (D:10)
  A yaktaur (D:13)
  6 rime drakes
  2 tengu conjurers (D:14)
  5 efreet
  4 trolls
  A meliai (D:13)
  9 polar bears
  A polar bear (shapeshifter) (D:15)
  A raiju (Lair:5)
  3 slime creatures
  4 tyrant leeches (Lair:5)
  9 hornets
  Prince Ribbit (D:5)
  Grinder (D:4)
  2 hornets (shapeshifter)
  9 tarantellas
  A raiju (shapeshifter) (D:12)
  A dream sheep (shapeshifter) (D:12)
  A centaur simulacrum (D:15)
  12 jumping spiders
  Sigmund (D:4)
  7 culicivoras
  9 wraiths
  45 yaks
  2 vampires
  7 wyverns
  A shadow (D:13)
  7 basilisks
  Eustachio (D:5)
  48 redbacks
  4 neqoxecs (D:12)
  3 steam dragons
  Menkaure (Ossuary)
  5 vampire mosquitoes
  2 acid dragons
  10 wargs
  11 water moccasins
  14 hell hounds (Lair:5)
  35 orc warriors
  16 black bears
  3 ice beasts
  8 ogres
  A boggart (shapeshifter) (D:12)
  19 wolves
  5 boggarts
  15 centaurs
  2 phantoms
  A lemure (D:3)
  Blork the orc (D:5)
  4 kobold brigands
  14 bullfrogs
  2 necrophages (D:6)
  2 scorpions
  10 wights
  3 lindwurm simulacra (IceCv)
  A killer bee (shapeshifter) (D:12)
  4 electric eels
  2 howler monkeys
  3 komodo dragon simulacra (IceCv)
  A hound (shapeshifter) (D:12)
  A gnoll bouda (D:7)
  8 hounds
  17 orc priests
  3 iguanas
  24 orc wizards
  Natasha (thrice) (D:3)
  3 mummies (Ossuary)
  Robin (D:1)
  5 gnolls
  13 acid dragon simulacra (IceCv)
  4 adders
  12 white imps (D:11)
  An ufetubus (D:4)
  2 steam dragon simulacra (IceCv)
  13 dart slugs
  77 orcs
  6 ball pythons
  4 endoplasms
  A giant cockroach (D:1)
  5 gnoll zombies (Ossuary)
  13 goblins
  8 hobgoblins
  25 kobolds
  3 quokkas
  6 bats
  2 frilled lizards (D:1)
  2 gnoll skeletons (Ossuary)
  5 goblin skeletons (Ossuary)
  4 goblin zombies (Ossuary)
  4 hobgoblin skeletons (Ossuary)
  6 hobgoblin zombies (Ossuary)
  A kobold skeleton (Ossuary)
  A kobold zombie (Ossuary)
  4 orc skeletons (Ossuary)
  3 orc zombies (Ossuary)
  6 rats
  9 rat skeletons (Ossuary)
  6 rat zombies (Ossuary)
936 creatures vanquished.

Vanquished Creatures (others)
  A cyclops (D:13)
  2 manticores
  A polar bear (Lair:5)
  A slime creature (D:13)
  A howler monkey (D:11)
  An orc priest (Orc:2)
  2 orc wizards (Orc:2)
  55 fungi
  79 plants
143 creatures vanquished.

Grand Total: 1079 creatures vanquished

Notes
Turn   | Place    | Note
-------+----------+-------------------------------------------
     0 | D:1      | Peloso the Minotaur Fighter began the quest for the Orb.
     0 | D:1      | Reached XP level 1. HP: 19/19 MP: 0/0
   208 | D:1      | Reached XP level 2. HP: 23/27 MP: 1/1
   429 | D:1      | Reached XP level 3. HP: 32/33 MP: 2/2
  1014 | D:2      | Noticed Robin
  1020 | D:2      | Reached skill level 3 in Long Blades
  1030 | D:1      | Killed Robin
  1705 | D:2      | Found a faded altar of an unknown god.
  1742 | D:2      | Reached XP level 4. HP: 40/40 MP: 3/3
  1900 | D:3      | Noticed Natasha
  1905 | D:3      | Killed Natasha
  2202 | D:3      | Reached skill level 4 in Long Blades
  2364 | D:3      | Reached XP level 5. HP: 46/46 MP: 4/4
  2634 | D:3      | Noticed Natasha
  2643 | D:3      | Killed Natasha
  2684 | D:3      | Noticed Natasha
  2688 | D:3      | Killed Natasha
  3020 | D:4      | Noticed Pikel
  3020 | D:4      | Noticed a lemure
  3020 | D:4      | Noticed a lemure
  3020 | D:4      | Noticed a lemure
  3020 | D:4      | Noticed a lemure
  3027 | D:3      | Killed a lemure
  3159 | D:3      | Killed Pikel
  3160 | D:3      | Reached skill level 6 in Long Blades
  3160 | D:3      | Reached skill level 1 in Dodging
  3160 | D:3      | Reached skill level 5 in Shields
  3160 | D:3      | Reached XP level 6. HP: 42/53 MP: 5/5
  3160 | D:3      | Reached XP level 7. HP: 48/60 MP: 6/6
  3230 | D:4      | Found a radiant altar of Vehumet.
  3325 | D:4      | Found a transporter.
  3366 | D:4      | Noticed Grinder
  3367 | D:4      | Found Onguczio's Jewellery Shop.
  3384 | D:4      | Killed Grinder
  3385 | D:4      | Reached skill level 7 in Long Blades
  3482 | D:4      | Found a transporter.
  3485 | D:4      | Got the Parchment of Unstable Fire
  3670 | D:4      | Noticed Sigmund
  3708 | D:4      | Killed Sigmund
  3709 | D:4      | Reached skill level 5 in Fighting
  3709 | D:4      | Reached XP level 8. HP: 59/68 MP: 7/7
  3784 | D:4      | Reached skill level 8 in Long Blades
  4344 | D:5      | Entered Level 5 of the Dungeon
  4344 | D:5      | Noticed Prince Ribbit
  4380 | D:5      | Killed Prince Ribbit
  5211 | D:5      | Noticed Blork the orc
  5220 | D:5      | Killed Blork the orc
  5495 | D:5      | Found an opulent altar of Gozag.
  5500 | D:5      | Found a sacrificial altar of Ru.
  5500 | D:5      | Found a shimmering blue altar of Sif Muna.
  5511 | D:5      | Found a white marble altar of Elyvilon.
  5514 | D:5      | Found a shimmering altar of Xom.
  5698 | D:5      | Reached skill level 9 in Long Blades
  5698 | D:5      | Reached skill level 1 in Stealth
  5783 | D:5      | Noticed Eustachio
  5794 | D:5      | Killed Eustachio
  6061 | D:6      | Reached XP level 9. HP: 60/75 MP: 8/8
  6652 | D:6      | Reached skill level 10 in Long Blades
  7080 | D:7      | Found a staircase to the Ecumenical Temple.
  7108 | Temple   | Entered the Ecumenical Temple
  7164 | Temple   | Became a worshipper of Warmaster Okawaru
  7819 | D:6      | Found a stormy altar of Qazlal.
  8087 | D:6      | Found Xurerin's Antique Armour Shoppe.
  8344 | D:8      | Reached skill level 1 in Evocations
  8378 | D:8      | Reached * piety under Okawaru
  8379 | D:8      | Reached skill level 11 in Long Blades
  8463 | D:8      | Found a sand-covered staircase.
  8469 | Ossuary  | Entered an ossuary
  8849 | Ossuary  | Noticed Menkaure
  8858 | Ossuary  | Killed Menkaure
  9230 | D:8      | Reached XP level 10. HP: 78/86 MP: 7/9
 10274 | D:8      | Reached skill level 12 in Long Blades
 10284 | D:8      | Reached ** piety under Okawaru
 10468 | D:8      | Found a hide-covered altar of Uskayaw.
 11118 | D:9      | Reached skill level 10 in Armour
 11498 | D:10     | Entered Level 10 of the Dungeon
 11701 | D:10     | Noticed a two-headed ogre
 11722 | D:10     | Killed a two-headed ogre
 11723 | D:10     | Reached skill level 13 in Long Blades
 12441 | D:9      | Noticed Maurice
 12462 | D:9      | Killed Maurice
 12463 | D:9      | Reached XP level 11. HP: 52/95 MP: 8/10
 12867 | D:9      | Found a basalt altar of Yredelemnul.
 12950 | D:9      | Noticed a two-headed ogre
 13380 | D:8      | Killed a two-headed ogre
 13380 | D:8      | Reached *** piety under Okawaru
 13934 | D:9      | Noticed a centaur warrior
 13949 | D:9      | Killed a centaur warrior
 14954 | D:10     | Identified a scroll of acquirement
 15151 | D:11     | Noticed Nergalle
 15172 | D:11     | Noticed a spectral orc warlord
 15174 | D:11     | Noticed a centaur warrior
 15176 | D:11     | Killed Nergalle
 15177 | D:11     | Reached skill level 14 in Long Blades
 15183 | D:11     | Reached skill level 1 in Invocations
 15194 | D:11     | Found a frozen archway.
 15195 | D:11     | Noticed Josephine
 15204 | D:11     | Reached **** piety under Okawaru
 15207 | IceCv    | Entered an ice cave
 17392 | IceCv    | Noticed a white draconian
 17416 | IceCv    | Killed a white draconian
 17421 | IceCv    | Reached skill level 10 in Fighting
 17440 | IceCv    | Identified the ring "Pomoex" {rN+ Will+ Str-3 SInv}
 18185 | D:11     | Killed Josephine
 18186 | D:11     | Reached XP level 12. HP: 73/106 MP: 9/12
 18699 | D:11     | Noticed Psyche
 18714 | D:11     | Killed Psyche
 18877 | D:11     | Killed a centaur warrior
 18921 | D:11     | Reached skill level 10 in Shields
 18978 | D:11     | Found a staircase to the Lair.
 18988 | D:11     | Reached ***** piety under Okawaru
 19417 | D:11     | Noticed a six-headed hydra
 19448 | D:12     | Acquired a +4 double sword of holy wrath
 19513 | D:12     | Noticed a six-headed hydra
 19531 | D:12     | Killed a 13-headed hydra
 20108 | Lair:1   | Entered Level 1 of the Lair of Beasts
 20126 | D:11     | Reached skill level 15 in Long Blades
 20690 | Lair:1   | Identified the +1 plate armour "Vypocvid" {rC+++} (Okawaru
                  | gifted it to you on level 1 of the Lair of Beasts)
 20690 | Lair:1   | Received a gift from Okawaru
 20714 | Lair:1   | Noticed an eight-headed hydra
 20718 | Lair:1   | Noticed an eight-headed hydra
 20724 | Lair:1   | Killed a 13-headed hydra
 21108 | Lair:1   | Killed a 17-headed hydra
 21448 | Lair:1   | Identified the +2 ring mail of Ignis's Whim {rPois rN++
                  | Will+ Dex+4}
 22211 | Lair:2   | Found a staircase to the Swamp.
 22326 | Lair:2   | Noticed a four-headed hydra
 22342 | Lair:2   | Killed a 14-headed hydra
 22345 | Lair:2   | Found a sacrificial altar of Ru.
 22612 | Lair:2   | Reached XP level 13. HP: 116/117 MP: 14/14
 23256 | D:12     | Found Uzynar's Distillery.
 23261 | D:12     | Bought a potion of heal wounds for 50 gold pieces
 23303 | D:12     | Found a runed translucent gate.
 23304 | D:12     | Found a runed translucent gate.
 23310 | D:12     | Reached skill level 16 in Long Blades
 23310 | D:12     | Found a runed translucent gate.
 23359 | D:12     | Found a staircase to the Orcish Mines.
 23390 | D:12     | Noticed Nessos
 23396 | D:12     | Killed Nessos
 24360 | Orc:1    | Entered Level 1 of the Orcish Mines
 24825 | Orc:2    | Entered Level 2 of the Orcish Mines
 24825 | Orc:2    | Found a staircase to the Elven Halls.
 24995 | Orc:2    | Paralysed by an orc sorcerer for 5 turns
 25004 | Orc:2    | HP: 4/119 [barbs]
 26396 | Orc:2    | Noticed an orc warlord
 26447 | Orc:1    | Killed an orc warlord
 26447 | Orc:1    | Identified the +5 ring mail "Haofosk" {rElec rF+} (Okawaru
                  | gifted it to you on level 1 of the Orcish Mines)
 26447 | Orc:1    | Received a gift from Okawaru
 26807 | Orc:2    | Noticed Urug
 26831 | Orc:2    | Killed Urug
 27982 | Orc:2    | Found Yxics's Antique Weapon Emporium.
 28016 | Orc:2    | Found Zikhiskakh's Antique Armour Emporium.
 28045 | Orc:2    | Found Qaoriur's General Store.
 28060 | Orc:2    | Found Veevoki's Book Emporium.
 29463 | Lair:3   | Reached skill level 15 in Armour
 29716 | Lair:3   | Reached XP level 14. HP: 111/129 MP: 16/16
 29942 | Lair:3   | Found a hole to the Spider Nest.
 29956 | Lair:3   | HP: 6/130 [culicivora (4)]
 30851 | Lair:4   | Identified the +0 leather armour "Huaxeluh" {Rampage rF+
                  | Slay+3}
 31080 | Lair:4   | Reached skill level 17 in Long Blades
 31420 | Lair:4   | Identified the +1 ring mail of Disguise {Rampage Will+}
                  | (Okawaru gifted it to you on level 4 of the Lair of Beasts)
 31420 | Lair:4   | Received a gift from Okawaru
 31424 | Lair:4   | Found a snail-covered altar of Cheibriados.
 31770 | Lair:4   | You fall into a shaft and drop 1 floor!
 31770 | Lair:5   | Entered Level 5 of the Lair of Beasts
 32180 | Lair:5   | Identified the +2 war axe of the Sugar Beet {flame, Dex+5}
 33147 | Lair:5   | Reached skill level 1 in Axes
 33706 | Lair:5   | Found a staircase to the Slime Pits.
 35136 | Lair:5   | Found a runed translucent door.
 35233 | Lair:5   | Paralysed by a hornet for 2 turns
 35254 | Lair:5   | Reached ****** piety under Okawaru
 35605 | Lair:5   | Paralysed by a hornet for 3 turns
 35612 | Lair:5   | Reached XP level 15. HP: 120/139 MP: 17/17
 35622 | Lair:5   | Paralysed by a hornet for 3 turns
 35923 | Lair:5   | Paralysed by a hornet for 3 turns
 35936 | Lair:5   | Reached skill level 15 in Fighting
 36234 | Lair:5   | Reached skill level 18 in Long Blades
 36308 | Lair:5   | Paralysed by a hornet for 2 turns
 36315 | Lair:5   | Paralysed by a hornet for 2 turns
 36912 | D:13     | Received a gift from Okawaru
 39101 | D:13     | Identified the +5 cloak "Tyrir" {Rampage rCorr Str+3 Int-3}
                  | (Okawaru gifted it to you on level 13 of the Dungeon)
 39101 | D:13     | Received a gift from Okawaru
 39105 | D:13     | Noticed an orc warlord
 39785 | D:13     | Killed an orc warlord
 39788 | D:13     | HP: 4/143 [troll[an orc warlord] (9)]
 41224 | D:12     | Found a runed translucent gate.
 41224 | D:12     | Found a runed translucent gate.
 41229 | D:12     | Identified the amulet "Sycedow" {Acrobat rElec rCorr Str-2
                  | Int+8}
 41231 | D:12     | Noticed Sheol's ghost (journeyman HOFi)
 41239 | D:12     | Found a runed translucent gate.
 41257 | D:12     | Killed Sheol's ghost
 41260 | D:12     | Gained mutation: Armour fits poorly on your strangely
                  | shaped body. [a neqoxec]
 41260 | D:12     | Gained mutation: Your body sometimes deteriorates upon
                  | taking damage. [a cacodemon]
 41260 | D:12     | Gained mutation: You occasionally shout uncontrollably at
                  | your foes. [a neqoxec]
 41274 | D:12     | Gained mutation: You sometimes lose your temper in combat.
                  | [a neqoxec]
 41277 | D:12     | Gained mutation: You are dopey. (Int -2) [a cacodemon]
 41282 | D:12     | Gained mutation: Your body often deteriorates upon taking
                  | damage. [a cacodemon]
 41283 | D:12     | Gained mutation: You are frail. (-10% HP) [a neqoxec]
 41286 | D:12     | Lost intelligence.
 41286 | D:12     | Gained mutation: You are very dopey. (Int -4) [a cacodemon]
 41290 | D:12     | Gained mutation: You are clumsy. (Dex -2) [a neqoxec]
 41290 | D:12     | Gained mutation: You are very clumsy. (Dex -4) [a
                  | cacodemon]
 41322 | D:12     | Lost mutation: Armour fits poorly on your strangely shaped
                  | body. [potion of mutation]
 41322 | D:12     | Lost mutation: You sometimes lose your temper in combat.
                  | [potion of mutation]
 41322 | D:12     | Lost mutation: Your body often deteriorates upon taking
                  | damage. [potion of mutation]
 41322 | D:12     | Gained mutation: You are partially covered in iridescent
                  | scales. (AC +2) [potion of mutation]
 41322 | D:12     | Gained mutation: You are somewhat resistant to further
                  | mutation. [potion of mutation]
 41323 | D:12     | Lost mutation: Your body sometimes deteriorates upon taking
                  | damage. [potion of mutation]
 41323 | D:12     | Lost mutation: You are somewhat resistant to further
                  | mutation. [potion of mutation]
 41323 | D:12     | Lost mutation: You are very dopey. (Int -4) [potion of
                  | mutation]
 41323 | D:12     | Gained mutation: You have a beak for a mouth. [potion of
                  | mutation]
 41324 | D:12     | Lost mutation: You have a beak for a mouth. [potion of
                  | mutation]
 41324 | D:12     | Lost mutation: You are frail. (-10% HP) [potion of
                  | mutation]
 41324 | D:12     | Lost mutation: You are dopey. (Int -2) [potion of mutation]
 41325 | D:12     | Lost mutation: You occasionally shout uncontrollably at
                  | your foes. [potion of mutation]
 41325 | D:12     | Lost mutation: You are partially covered in iridescent
                  | scales. (AC +2) [potion of mutation]
 41325 | D:12     | Lost mutation: You are very clumsy. (Dex -4) [potion of
                  | mutation]
 41325 | D:12     | Gained mutation: Armour fits poorly on your strangely
                  | shaped body. [potion of mutation]
 41325 | D:12     | Gained mutation: You have a pair of large horns on your
                  | head. [potion of mutation]
 41326 | D:12     | Lost mutation: You are clumsy. (Dex -2) [potion of
                  | mutation]
 41326 | D:12     | Lost mutation: Armour fits poorly on your strangely shaped
                  | body. [potion of mutation]
 41326 | D:12     | Lost mutation: You have a pair of large horns on your head.
                  | [potion of mutation]
 41326 | D:12     | Gained mutation: You passively map a small area around you.
                  | [potion of mutation]
 41326 | D:12     | Gained mutation: You have hidden genetic potential. [potion
                  | of mutation]
 41612 | D:12     | Lost mutation: You passively map a small area around you.
                  | [potion of mutation]
 41612 | D:12     | Lost mutation: You have hidden genetic potential. [potion
                  | of mutation]
 41612 | D:12     | Gained mutation: You do not regenerate when monsters are
                  | visible. [potion of mutation]
 41612 | D:12     | Gained mutation: Your spells are a little harder to cast,
                  | but a little more powerful. [potion of mutation]
 41612 | D:12     | Gained mutation: You are somewhat resistant to further
                  | mutation. [potion of mutation]
 41613 | D:12     | Lost mutation: You are somewhat resistant to further
                  | mutation. [potion of mutation]
 41613 | D:12     | Lost mutation: You do not regenerate when monsters are
                  | visible. [potion of mutation]
 41613 | D:12     | Gained mutation: Your magical capacity is low. (-10% MP)
                  | [potion of mutation]
 41613 | D:12     | Gained mutation: You occasionally lose the ability to read
                  | scrolls when taking damage. [potion of mutation]
 41613 | D:12     | Gained mutation: Your mind is acute. (Int +4, Str/Dex -1)
                  | [potion of mutation]
 41614 | D:12     | Lost mutation: Your magical capacity is low. (-10% MP)
                  | [potion of mutation]
 41614 | D:12     | Lost mutation: You occasionally lose the ability to read
                  | scrolls when taking damage. [potion of mutation]
 41614 | D:12     | Lost mutation: Your spells are a little harder to cast, but
                  | a little more powerful. [potion of mutation]
 41614 | D:12     | Gained mutation: You are partially covered in large bone
                  | plates. (SH +4) [potion of mutation]
 41614 | D:12     | Gained mutation: Your system is resistant to poisons.
                  | (rPois) [potion of mutation]
 41614 | D:12     | Gained mutation: You are somewhat resistant to further
                  | mutation. [potion of mutation]
 42852 | D:14     | Reached XP level 16. HP: 109/152 MP: 18/18
 42875 | D:14     | Reached skill level 5 in Invocations
 43266 | D:14     | Found a gate to the Vaults.
 43840 | D:15     | Entered Level 15 of the Dungeon
 44099 | D:15     | Received a gift from Okawaru
 44904 | D:15     | Reached skill level 19 in Long Blades
 45190 | D:15     | Found a blossoming altar of Fedhas.
 45618 | D:15     | Reached skill level 5 in Dodging
 45739 | D:15     | Found a staircase to the Depths.
 46362 | Orc:2    | Bought a runed scarf for 176 gold pieces
 46378 | Orc:2    | Bought 2 potions of curing for 108 gold pieces
 46378 | Orc:2    | Bought a scroll of enchant weapon for 135 gold pieces
 46846 | Spider:1 | Entered Level 1 of the Spider Nest
 47238 | Spider:1 | Reached skill level 15 in Shields
 47351 | Spider:1 | Noticed Aizul
 47382 | Spider:1 | Killed Aizul
 48133 | Spider:2 | Identified the +5 rapier "Tineul" {freeze, Contam rElec
                  | Str+4 Dex+4}
 48622 | Spider:2 | Received a gift from Okawaru
 48832 | Spider:2 | Identified the +0 robe "Zuagel" {rF+}
 51286 | Spider:2 | HP: 6/157 [entropy weaver (5)]
 51287 | Spider:2 | Slain by an entropy weaver

Illustrated notes

Levels and vault maps discovered:
D:1:      dpeg_cavernosity, layout_basic
D:2:      layout_basic, dreamdust_ecumenical_altar_angels_and_demons,
          minmay_misc_feat_ornament, uniq_robin
D:3:      kennysheep_slugbush, layout_loops_corners,
          nicolae_kite_square_tiling_tiny, uniq_natasha
D:4:      gammafunk_steamed_eel, layout_cave_pods, vehumet_altar_wand_db,
          serial_column_ruins, column_ruins_grid_1, column_ruins_grid_1,
          column_ruins_open_small, column_ruins_open_small,
          column_ruins_open_tiny, minmay_shop_enchanted_jewellery,
          columned_hall_lemuel, uniq_pikel, uniq_sigmund, uniq_grinder
D:5:      layout_loops_corners, minmay_overflow_temple_star_hex,
          kennysheep_generic_room_16, uniq_blork_the_orc, uniq_eustachio,
          uniq_prince_ribbit1
D:6:      layout_rooms, kennysheep_little_box, serial_shops, shop, st_stairs_4,
          nicolae_concentric_dashed_squares_wild,
          hangedman_decor_diamond_cutter, grunt_ministairs_9,
          nicolae_figureground_sparkle
D:7:      layout_basic, minmay_temple_entry_metal_lava, serial_corexii_hall,
          corexii_hall_statues_u, corexii_hall_statues_i, minmay_bent
D:8:      layout_basic, general_overflow_altar, enter_ossuary_3
D:9:      layout_basic, nicolae_overflow_crystal_walls, wad_mini_maze,
          uniq_maurice
D:10:     layout_cave_pools
D:11:     layout_basic, due_lair_maze_entry_diamond, portal_ice_cave_entry_imps,
          uniq_psyche, uniq_josephine, uniq_nergalle
D:12:     layout_loops_ring, david_orc_2, serial_shops, nicolae_shop_crystal,
          ploomutoo_gammafunk_ghost_potion_laboratory, minivault_14, uniq_nessos
D:13:     minmay_the_grid_3x3 [minmay_the_grid_outer_diamond,
          minmay_the_grid_spikes, minmay_the_grid_embedded,
          minmay_the_grid_armoury, minmay_the_grid_aliased_spiral,
          minmay_the_grid_minigrid_small_alt, minmay_the_grid_plusring,
          minmay_the_grid_all_tris, minmay_the_grid_prize_four_corners],
          layout_basic
D:14:     cheibrodos_elevator_heist, layout_basic,
          skrybe_vaults_entry_preservation
D:15:     grunt_enter_depths_magical_seal, layout_loops_ring,
          fedhas_altar_fruit_tree
Temple:   hellmonk_temple_forest_ring
Lair:1:   layout_chaotic_city
Lair:2:   layout_regular_city, skrybe_swamp_entry_bodies, basic_altar
Lair:3:   nzn_winding_woodlands_three_and_one
          [nzn_winding_woodlands_5x15_lazy_stream,
          nzn_winding_woodlands_5x15_pool, nzn_winding_woodlands_5x15_zeroes,
          nzn_winding_woodlands_center_pierced_h], layout_big_grid,
          spider_nest_entry_funnel_web, kilobyte_rumbling_trees
Lair:4:   layout_big_grid, kennysheep_snail_temple, grunt_megastairs_5
Lair:5:   wormcave, layout_cave_pods, hangedman_lair_caniforms_friends,
          slime_entry_1
Spider:1: layout_cave_pods, guppyfry_spider_mini_2, uniq_aizul
Spider:2: layout_chambers, nicolae_spider_some_kinda_spiderbox
Spider:3: mumra_spider_spiderweb, hellmonk_test_site
Orc:1:    layout_caves
Orc:2:    grunt_orc_cross, layout_diamond_mine, basic_altar,
          nicolae_orc_pool_cavern, minmay_orc_keep

Skill      XL: |  1  2  3  4  5  6  7  8  9 10 11 12 13 14 15 16 |
---------------+-------------------------------------------------+-----
Shields        | 4 5 6 7 8 9 11 13 14 16 | 16.0
Armour         | 4 6 8 9 10 12 13 15 16 18 | 18.9
Long Blades    | 3 4 6 7 9 11 13 14 15 16 17 18 19 | 19.5
Fighting       | 4 5 6 7 8 10 11 13 14 16 17 | 17.9
Dodging        | 1 2 3 4 5 |  5.1
Stealth        | 1 2 3 |  3.1
Evocations     | 1 |  1.7
Invocations    | 1 3 4 5 |  5.2
Axes           | 2 |  2.5

Action                   |  1- 3 |  4- 6 |  7- 9 | 10-12 | 13-15 | 16-18 || total
-------------------------+-------+-------+-------+-------+-------+-------++-------
Melee: Long sword        |    87 |    93 |   473 |   352 |       |       ||  1005
       Headbutt          |     9 |    16 |    96 |   198 |   438 |   142 ||   899
       Scimitar          |       |       |       |   333 |    29 |     4 ||   366
       Double sword      |       |       |       |   143 |  1559 |   597 ||  2299
       War axe           |       |       |       |       |    25 |       ||    25
Invok: Heroism           |       |       |     1 |    25 |    23 |     9 ||    58
       Finesse           |       |       |       |     4 |     5 |       ||     9
Evoke: Wand              |       |       |     4 |    11 |       |       ||    15
  Use: Scroll            |     5 |     2 |    12 |    17 |     7 |     4 ||    47
       Potion            |       |     1 |     4 |     7 |    23 |     6 ||    41
 Stab: Invisible         |       |       |       |       |     4 |       ||     4
Armor: Scale mail        |    55 |     5 |       |       |       |       ||    60
       Chain mail        |       |    47 |   114 |   210 |       |       ||   371
       Plate armour      |       |       |   114 |   298 |  1162 |   355 ||  1929
Dodge: Dodged            |    39 |    25 |   129 |   314 |   696 |   307 ||  1510
Block: Buckler           |    25 |    23 |   110 |   277 |   713 |   421 ||  1569
       Reflection        |       |       |       |       |    11 |     8 ||    19
